 Dungeon Crawl Stone Soup version 0.30-a0-170-g85af917532 (webtiles) character file.

Game seed: 2168979041567610056

1340 qw the Chopper (level 8, -4/49 HPs)
             Began as a Gargoyle Fighter on Sept 30, 2022.
             Slain by a wight
             ... wielding a +0 halberd
              (7 damage)
             ... on level 7 of the Dungeon.
             The game lasted 00:01:54 (5437 turns).

qw the Chopper (Gargoyle Fighter)                   Turns: 5437, Time: 00:01:54

Health: -4/49      AC: 20    Str: 23    XL:     8   Next: 62%
Magic:  8/8        EV:  6    Int:  8    God:
Gold:   317        SH:  4    Dex:  9    Spells: 7/7 levels left

rFire   . . .      SeeInvis .    Y - +0 war axe
rCold   . . .      Faith    .    c - +0 buckler
rNeg    + . .      Spirit   .    f - +1 plate armour
rPois   inf        Reflect  .    (no helmet)
rElec   +          Harm     .    (no cloak)
rCorr   .          Rampage  .    j - +0 pair of gloves
Will    .....                    (no boots)
Stlth   ..........               (no amulet)
HPRegen 0.16/turn                (no ring)
MPRegen 0.11/turn                (no ring)

@: no status effects
A: sickness immunity, AC +5, negative energy resistance 1, electricity
resistance, torment resistance 1, petrification resistance
a: no special abilities


You were on level 7 of the Dungeon.
You visited 2 branches of the dungeon, and saw 7 of its levels.

You collected 317 gold pieces.


Innate Abilities, Weirdness & Mutations

You are immune to sickness and miasma.
Your stone body is resilient. (AC +5)
You are immune to poison.
You resist negative energy. (rN+)
You are resistant to electric shocks. (rElec)
You are resistant to unholy torment.
You are immune to petrification.


   Skills:
 - Level 5.3 Fighting
 - Level 7.1 Axes
 + Level 0.7 Throwing
 - Level 6.7 Armour
 - Level 1.1 Dodging
 - Level 3.2 Shields


You had 7 spell levels left.
You didn't know any spells.
Your spell library was empty.

Inventory:

Hand Weapons
 g - a +0 morningstar
 Y - a +0 war axe (weapon)
Missiles
 i - 3 boomerangs (quivered)
Armour
 c - a +0 buckler (worn)
 f - a +1 plate armour (worn)
 j - a +0 pair of gloves (worn)
Potions
 a - 3 potions of curing
 b - a potion of attraction {unknown}
 d - 2 potions of might
 e - a potion of cancellation {unknown}
 h - a potion of lignification
 k - a potion of heal wounds
 l - a potion of brilliance {unknown}

Dungeon Overview and Level Annotations

Branches:
Dungeon (7/15)             Temple (1/1) D:4

Altars:
Cheibriados
Elyvilon
Fedhas
Gozag
Kikubaaqudgha
Makhleb
Nemelex Xobeh
Qazlal
Ru
Sif Muna
Uskayaw
Vehumet
Xom
Yredelemnul
Zin
The Shining One

Shops:
D:2 (=

Annotations:
D:4 1 runed translucent door, qw's ghost, amateur GrFi


Message History

The scorpion stings you but does no damage.
The wight hits you with a +1 morningstar.
The wight barely misses you.
You barely miss the scorpion.
The scorpion is heavily wounded.
You closely miss the wight. You hit the wight. The scorpion barely misses you.
The wight hits you from afar with a +0 halberd.
The wight hits you with a +3 long sword.
The wight hits you with a +1 morningstar.
You barely miss the scorpion.
The scorpion is heavily wounded.
You barely miss the wight. x2
The scorpion barely misses you. The wight barely misses you. x2
The wight hits you with a +3 long sword!
The scorpion stings you but does no damage.
You barely miss the scorpion.
The scorpion is heavily wounded.
You hit the wight but do no damage. You completely miss the wight.
The scorpion closely misses you. The wight closely misses you.
The wight hits you from afar with a +0 halberd.
The wight hits you with a +3 long sword!
You hit the scorpion but do no damage.
The scorpion is heavily wounded.
You hit the wight. You slash the wight!
The scorpion stings you but does no damage.
You block the wight's attack. The wight hits you but does no damage.
The wight hits you with a +3 long sword.
The scorpion stings you but does no damage.
You hit the wight.
The wight is severely damaged.
You barely miss the wight. You hit the scorpion. You block the wight's attack.
The wight hits you from afar with a +0 halberd.
The wight hits you but does no damage.
The scorpion stings you but does no damage.
The wight hits you with a +1 morningstar!
You block the wight's attack.
The wight hits you from afar with a +0 halberd!
You die...

.........##.#
#.......+
.........##.#
#.......#
########.##.#
#.......# #.##.#
#.......# #.##.#
#.......# #.##.#
#.......#
#....###.......#
####..##....#
......s@zz..+
.....###z...#
..... #....#
.... #....# .[_.
#...... #.......
#....... ....###


You could see a scorpion and 3 wights.

Vanquished Creatures
  Pikel (D:4)
  Grinder (D:3)
  Sigmund (D:4)
  2 ogres (D:4)
  A scorpion (D:4)
  An orc priest (D:4)
  A jelly (D:7)
  Natasha (D:4)
  5 gnolls
  6 adders
  An ufetubus (D:4)
  2 worms (D:4)
  8 orcs
  5 endoplasms
  6 giant cockroaches
  4 hobgoblins (D:2)
  13 jackals
  8 kobolds
  A quokka (D:4)
  5 ball pythons
  7 bats
  4 frilled lizards
  9 goblins
  7 rats
100 creatures vanquished.

Vanquished Creatures (others)
  2 withered plants (D:4)
2 creatures vanquished.

Grand Total: 102 creatures vanquished

Notes
Turn   | Place    | Note
-------+----------+-------------------------------------------
     0 | D:1      | qw the Gargoyle Fighter began the quest for the Orb.
     0 | D:1      | Reached XP level 1. HP: 14/14 MP: 1/1
     0 | D:1      | 0 ||| qw: Version: 0.2-a-12-gaebbb33
     0 | D:1      | 0 ||| qw: Game counter: 1498
     0 | D:1      | 0 ||| qw: Always use a shield: true
     0 | D:1      | 0 ||| qw: God list: Okawaru
     0 | D:1      | 0 ||| qw: Allow faded altars: false
     0 | D:1      | 0 ||| qw: Do Orc after D:15 true
     0 | D:1      | 0 ||| qw: Do second Lair branch before Depths: true
     0 | D:1      | 0 ||| qw: Lair rune preference: random
     0 | D:1      | 0 ||| qw: Plans: Normal, Zot:1-4, God:TSO, Crypt, Tomb,
                  | Pan, Slime:5, Hells, Abyss, Orb
     0 | D:1      | 0 ||| PLANNING D:1-11
   240 | D:1      | 240 ||| Stepping ~*~*~tactically~*~*~ (stealth).
   244 | D:1      | Reached skill level 2 in Axes
   245 | D:1      | 245 ||| Stepping ~*~*~tactically~*~*~ (stealth).
   249 | D:1      | 249 ||| Stepping ~*~*~tactically~*~*~ (stealth).
   253 | D:1      | 253 ||| DROPPING +0 club.
   299 | D:1      | Reached XP level 2. HP: 13/19 MP: 2/2
   478 | D:1      | 478 ||| Stepping ~*~*~tactically~*~*~ (stealth).
   675 | D:1      | Found a faded altar of an unknown god.
   947 | D:1      | Reached skill level 3 in Axes
   954 | D:1      | 954 ||| Stepping ~*~*~tactically~*~*~ (stealth).
   956 | D:1      | 956 ||| Stepping ~*~*~tactically~*~*~ (stealth).
  1004 | D:1      | 1004 ||| UPGRADING to +0 plate armour.
  1014 | D:1      | 1014 ||| DROPPING +0 scale mail.
  1015 | D:1      | 1015 ||| READING scroll labelled OPPAWI QEEW.
  1016 | D:1      | 1016 ||| READING scroll labelled SOS XALIUCH.
  1017 | D:1      | 1017 ||| READING scroll labelled GEGHAR ZOOFY.
  1050 | D:2      | 1050 ||| Stepping ~*~*~tactically~*~*~ (hiding).
  1056 | D:2      | 1056 ||| STAIRDANCE
  1123 | D:2      | Reached XP level 3. HP: 23/23 MP: 3/3
  1179 | D:2      | 1179 ||| READING scroll of enchant armour.
  1179 | D:2      | 1179 ||| ENCHANTING +0 plate armour.
  1191 | D:2      | 1191 ||| Stepping ~*~*~tactically~*~*~ (stealth).
  1267 | D:2      | 1267 ||| Stepping ~*~*~tactically~*~*~ (stealth).
  1271 | D:2      | 1271 ||| Stepping ~*~*~tactically~*~*~ (stealth).
  1290 | D:2      | 1290 ||| Stepping ~*~*~tactically~*~*~ (stealth).
  1295 | D:2      | 1295 ||| Stepping ~*~*~tactically~*~*~ (stealth).
  1349 | D:2      | 1349 ||| Stepping ~*~*~tactically~*~*~ (stealth).
  1442 | D:2      | 1442 ||| Stepping ~*~*~tactically~*~*~ (stealth).
  1509 | D:2      | 1509 ||| FLEEEEING.
  1514 | D:2      | 1514 ||| FLEEEEING.
  1515 | D:2      | 1515 ||| FLEEEEING.
  1557 | D:2      | 1557 ||| Stepping ~*~*~tactically~*~*~ (stealth).
  1560 | D:2      | Found Laxt's Jewellery Boutique.
  1569 | D:2      | 1569 ||| SHOPLISTING amulet of reflection (420 gold, have
                  | 92).
  1569 | D:2      | 1569 ||| SHOPLISTING amulet of regeneration (420 gold, have
                  | 92).
  1569 | D:2      | 1569 ||| SHOPLISTING ring "Luivol" {Str+7 Dex+6} (807 gold,
                  | have 92).
  1569 | D:2      | 1569 ||| SHOPLISTING ring of ice (350 gold, have 92).
  1569 | D:2      | 1569 ||| SHOPLISTING ring of protection from cold (350
                  | gold, have 92).
  1860 | D:2      | Found Ypsyim's Weapon Emporium.
  1927 | D:2      | 1927 ||| READING scroll labelled JITSOCSIDWU.
  1928 | D:2      | 1928 ||| READING scroll labelled SUHU ZUQ PEGA.
  1929 | D:2      | 1929 ||| READING scroll labelled ODDUXO MUALEA.
  1956 | D:3      | Noticed Grinder
  1973 | D:3      | Paralysed by Grinder for 5 turns
  1979 | D:3      | Reached XP level 4. HP: 20/28 MP: 4/4
  1982 | D:3      | HP: 4/28 [Grinder/nerve-wracking pain (7)]
  1985 | D:3      | 1985 ||| Stepping ~*~*~tactically~*~*~ (hiding).
  1987 | D:3      | 1987 ||| READING scroll of teleportation.
  2281 | D:3      | 2281 ||| Stepping ~*~*~tactically~*~*~ (stealth).
  2288 | D:3      | Reached skill level 4 in Axes
  2293 | D:3      | Paralysed by Grinder for 5 turns
  2303 | D:3      | Paralysed by Grinder for 2 turns
  2314 | D:3      | HP: 6/28 [Grinder/nerve-wracking pain (6)]
  2321 | D:3      | Paralysed by Grinder for 4 turns
  2325 | D:3      | Killed Grinder
  2326 | D:3      | Reached skill level 5 in Axes
  2326 | D:3      | Reached XP level 5. HP: 9/32 MP: 5/5
  2326 | D:3      | Reached XP level 6. HP: 10/37 MP: 6/6
  3080 | D:3      | 3080 ||| UPGRADING to +0 pair of gloves.
  3085 | D:3      | 3085 ||| DROPPING ring of flight.
  3143 | D:4      | 3143 ||| Stepping ~*~*~tactically~*~*~ (hiding).
  3249 | D:4      | Noticed Sigmund
  3263 | D:4      | Killed Sigmund
  3264 | D:4      | Reached XP level 7. HP: 44/44 MP: 7/7
  3300 | D:4      | Found a runed translucent door.
  3300 | D:4      | Noticed qw's ghost (amateur GrFi)
  3364 | D:4      | 3364 ||| Stepping ~*~*~tactically~*~*~ (stealth).
  3389 | D:4      | 3389 ||| Stepping ~*~*~tactically~*~*~ (stealth).
  3394 | D:4      | Reached skill level 6 in Axes
  3394 | D:4      | HP: 7/44 [worm (6)]
  3762 | D:4      | 3762 ||| DROPPING +0 whip.
  3798 | D:4      | Noticed Pikel
  3813 | D:4      | Killed Pikel
  3814 | D:4      | Reached skill level 6 in Armour
  3814 | D:4      | Reached XP level 8. HP: 37/49 MP: 8/8
  3838 | D:4      | 3838 ||| FLEEEEING.
  3839 | D:4      | 3839 ||| FLEEEEING.
  3840 | D:4      | 3840 ||| FLEEEEING.
  3841 | D:4      | 3841 ||| FLEEEEING.
  3842 | D:4      | 3842 ||| FLEEEEING.
  3843 | D:4      | 3843 ||| FLEEEEING.
  3844 | D:4      | 3844 ||| FLEEEEING.
  3845 | D:4      | 3845 ||| FLEEEEING.
  3846 | D:4      | 3846 ||| FLEEEEING.
  3847 | D:4      | 3847 ||| FLEEEEING.
  3848 | D:4      | 3848 ||| FLEEEEING.
  3849 | D:4      | 3849 ||| FLEEEEING.
  3850 | D:4      | 3850 ||| FLEEEEING.
  3851 | D:4      | 3851 ||| FLEEEEING.
  3852 | D:4      | 3852 ||| FLEEEEING.
  3853 | D:4      | 3853 ||| FLEEEEING.
  3854 | D:4      | 3854 ||| FLEEEEING.
  3855 | D:4      | 3855 ||| FLEEEEING.
  3856 | D:4      | 3856 ||| FLEEEEING.
  3857 | D:4      | 3857 ||| FLEEEEING.
  4104 | D:4      | Found a sacrificial altar of Ru.
  4135 | D:4      | 4135 ||| Stepping ~*~*~tactically~*~*~ (stealth).
  4247 | D:4      | 4247 ||| FLEEEEING.
  4248 | D:4      | 4248 ||| FLEEEEING.
  4249 | D:4      | 4249 ||| FLEEEEING.
  4254 | D:4      | 4254 ||| FLEEEEING.
  4255 | D:4      | 4255 ||| FLEEEEING.
  4256 | D:4      | 4256 ||| FLEEEEING.
  4257 | D:4      | 4257 ||| FLEEEEING.
  4258 | D:4      | 4258 ||| FLEEEEING.
  4259 | D:4      | 4259 ||| FLEEEEING.
  4265 | D:4      | 4265 ||| FLEEEEING.
  4266 | D:4      | 4266 ||| FLEEEEING.
  4274 | D:4      | 4274 ||| FLEEEEING.
  4275 | D:4      | 4275 ||| FLEEEEING.
  4276 | D:4      | 4276 ||| FLEEEEING.
  4277 | D:4      | 4277 ||| FLEEEEING.
  4284 | D:4      | 4284 ||| FLEEEEING.
  4285 | D:4      | 4285 ||| FLEEEEING.
  4286 | D:4      | 4286 ||| FLEEEEING.
  4287 | D:4      | 4287 ||| FLEEEEING.
  4288 | D:4      | 4288 ||| FLEEEEING.
  4289 | D:4      | 4289 ||| FLEEEEING.
  4296 | D:4      | 4296 ||| FLEEEEING.
  4297 | D:4      | 4297 ||| FLEEEEING.
  4298 | D:4      | 4298 ||| FLEEEEING.
  4299 | D:4      | 4299 ||| FLEEEEING.
  4323 | D:4      | 4323 ||| Stepping ~*~*~tactically~*~*~ (stealth).
  4325 | D:4      | 4325 ||| Stepping ~*~*~tactically~*~*~ (stealth).
  4340 | D:4      | 4340 ||| Stepping ~*~*~tactically~*~*~ (stealth).
  4392 | D:4      | Reached skill level 7 in Axes
  4549 | D:4      | 4549 ||| Stepping ~*~*~tactically~*~*~ (stealth).
  4550 | D:4      | 4550 ||| Stepping ~*~*~tactically~*~*~ (stealth).
  4596 | D:4      | Noticed Natasha
  4603 | D:4      | Killed Natasha
  4685 | D:4      | Found a burning altar of Makhleb.
  4711 | D:4      | 4711 ||| Stepping ~*~*~tactically~*~*~ (hiding).
  4839 | D:4      | 4839 ||| Stepping ~*~*~tactically~*~*~ (hiding).
  4840 | D:4      | 4840 ||| Stepping ~*~*~tactically~*~*~ (hiding).
  4846 | D:4      | Reached skill level 1 in Dodging
  4948 | D:4      | 4948 ||| DROPPING +2 flail of draining.
  4982 | D:4      | 4982 ||| Stepping ~*~*~tactically~*~*~ (stealth).
  5029 | D:4      | Found a staircase to the Ecumenical Temple.
  5030 | D:4      | 5030 ||| PLANNING TEMPLE
  5030 | D:4      | 5030 ||| READING scroll labelled CITIVV QEASYFF.
  5031 | D:4      | 5031 ||| DRINKING 4 green potions.
  5032 | D:4      | 5032 ||| DRINKING 2 fizzy coppery potions.
  5072 | D:4      | 5072 ||| DRINKING 2 inky potions.
  5079 | Temple   | Entered the Ecumenical Temple
  5287 | Temple   | 5287 ||| PLANNING D:1-11
  5379 | D:5      | Entered Level 5 of the Dungeon
  5386 | D:5      | You fall into a shaft and drop 2 floors!
  5420 | D:7      | Found a sparkling altar of Nemelex Xobeh.
  5437 | D:7      | HP: 10/49 [wight/+0 halberd (5)]
  5437 | D:7      | HP: 3/49 [wight/+1 morningstar (7)]
  5437 | D:7      | Slain by a wight

Levels and vault maps discovered:
D:1:      saegor_arrival_under_anarchy, layout_basic,
          shapermc_ecumenical_altar_mp_vishouse, hex_large, grunt_decor_clamped
D:2:      layout_loops_ring, serial_shops, nicolae_shop_hallway_stairs, shop,
          minivault_11
D:3:      layout_loops_ring, st_stairs_2, uniq_grinder
D:4:      minmay_opposing_rooms, layout_gridville,
          mainiacjoe_overflow_six_doors_small, nicolae_ru_sacrificial_ziggurat,
          temple_green, gammafunk_ghost_grave, uniq_pikel, uniq_sigmund,
          uniq_natasha
D:5:      layout_basic, nicolae_hepliaklqana_ecumenical_no_more,
          kennysheep_decorative_pillar
D:7:      layout_basic, chequers_temple_overflow_statue_of_worship
Temple:   nicolae_temple_figure_eight

Skill      XL: |  1  2  3  4  5  6  7  8 |
---------------+-------------------------+-----
Axes           | 2 3 5 6 7 |  7.1
Fighting       | 5 |  5.3
Armour         | 6 |  6.7
Dodging        | 1 |  1.1
Throwing       | |  0.7
Shields        | |  3.2

Action                   |  1- 3 |  4- 6 |  7- 9 || total
-------------------------+-------+-------+-------++-------
Melee: War axe           |   130 |    87 |   122 ||   339
Throw: Boomerang         |       |    18 |    41 ||    59
  Use: Scroll            |     7 |     1 |     1 ||     9
       Potion            |       |       |     3 ||     3
Armor: Scale mail        |    21 |       |       ||    21
       Plate armour      |    81 |    61 |    77 ||   219
Dodge: Dodged            |    51 |    19 |    44 ||   114
Block: Buckler           |    29 |    19 |    16 ||    64

Table legend:
 A = Non-vault XP
 B = Vault XP
 C = Vault XP percentage of total XP
 D = Non-vault monster count
 E = Vault monster count
 F = Vault count percentage of total count
                 A         B        C        D         E       F
            +---------+---------+-------+---------+---------+-------
      Total |     530 |    1385 |  72.3 |      83 |      17 |  17.0
            +---------+---------+-------+---------+---------+-------
        D:1 |      32 |       0 |   0.0 |      21 |       0 |   0.0
        D:2 |      42 |       0 |   0.0 |      25 |       0 |   0.0
        D:3 |      41 |     306 |  88.2 |      11 |       4 |  26.7
        D:4 |     376 |    1079 |  74.2 |      25 |      13 |  34.2
        D:7 |      39 |       0 |   0.0 |       1 |       0 |   0.0
            +---------+---------+-------+---------+---------+-------
